[Event "Titled Tuesday Blitz December 13 Late 2022"]
[White "Domingo Nunez, Alejandro"]
[Black "Torres Boch, Jose Francisco"]
[WhiteFideId "22245561"]
[BlackFideId "2278383"]
[WhiteElo "2242"]
[BlackElo "2073"]
[Result "1/2-1/2"]
[Round "01"]
[TimeControl "180+1"]
[Date "2022.12.14"]
[WhiteClock "0:00:06"]
[BlackClock "0:00:19"]

1. Nf3 Nf6 2. g3 g6 3. b3 Bg7 4. Bb2 O-O 5. Bg2 d5 6. O-O c5 7. d4 Ne4 8. Nfd2 Bxd4 9. Bxd4 cxd4 10. Nxe4 dxe4 11. Bxe4 Nc6 12. c3 e5 13. Qc2 Qb6 14. Na3 Be6 15. Bxc6 bxc6 16. cxd4 exd4 17. Nc4 Bxc4 18. Qxc4 c5 19. Rac1 Rfe8 20. Rfd1 Re5 21. Rc2 Rae8 22. Rdd2 h5 23. h4 Qf6 24. b4 cxb4 25. Qxd4 Qe7 26. e3 a5 27. Rc6 Re6 28. Rc5 Re5 29. Rc4 Qb7 30. Qd6 R5e6 31. Qd4 Re4 32. Qc5 R4e5 33. Qd6 R5e6 34. Qf4 Re4 35. Rxe4 Rxe4 36. Rd8+ Kg7 37. Qd6 Qe7 38. Qb8 Rc4 39. Rg8+ Kf6 40. Re8 Qc5 41. Qd8+ Kg7 42. Rg8+ Kh7 43. Rf8 Qf5 44. Rh8+ Kg7 45. Qf8+ Kf6 46. Qd8+ Kg7 47. Rg8+ Kh7 48. Rh8+ Kg7 1/2-1/2


[Site "https://www.chess.com"]

[Event "Titled Tuesday Blitz December 13 Late 2022"]
[White "Domingo Nunez, Ruben"]
[Black "Szyszylo, Rafal"]
[WhiteFideId "22245570"]
[BlackFideId "1109626"]
[WhiteElo "2406"]
[BlackElo "1981"]
[Result "0-1"]
[Round "01"]
[TimeControl "180+1"]
[Date "2022.12.14"]
[WhiteClock "0:00:10"]
[BlackClock "0:00:48"]

1. b3 d6 2. Bb2 Nd7 3. d4 Ngf6 4. Nf3 g6 5. c4 Bg7 6. Nc3 O-O 7. e3 e5 8. Be2 Re8 9. O-O b6 10. d5 a5 11. Qc2 Nc5 12. Rae1 Bf5 13. Qd1 Nfe4 14. h3 Nxc3 15. Bxc3 h5 16. Bb2 h4 17. Ba3 Qf6 18. Bxc5 bxc5 19. Nd2 e4 20. Bg4 a4 21. Bxf5 gxf5 22. bxa4 Qb2 23. Re2 Qb4 24. g3 Qxa4 25. gxh4 Qxd1 26. Rxd1 Rxa2 27. Kf1 Rb8 28. f3 Rbb2 29. fxe4 Bc3 30. Nb1 Rxe2 31. Nxc3 Rf2+ 32. Ke1 Rac2 33. exf5 Rh2 34. Rd3 Rh1# 0-1


[Site "https://www.chess.com"]

[Event "Titled Tuesday Blitz December 13 Late 2022"]
[White "Dudzinski, Pawel"]
[Black "Goltsev, Dmitry"]
[WhiteFideId "1117890"]
[BlackFideId "24176710"]
[WhiteElo "2099"]
[BlackElo "2327"]
[Result "0-1"]
[Round "01"]
[TimeControl "180+1"]
[Date "2022.12.14"]
[WhiteClock "0:00:02"]
[BlackClock "0:02:36"]

1. e4 e6 2. c4 d5 3. cxd5 exd5 4. exd5 Qxd5 5. Nc3 Qd8 6. Qb3 Nf6 7. Bc4 Qe7+ 8. Nge2 Nbd7 9. d4 Nb6 10. Bg5 h6 11. Bh4 Nxc4 12. Qxc4 c6 13. d5 Qb4 14. Qxb4 Bxb4 15. dxc6 bxc6 16. O-O-O Be6 17. Nd4 g5 18. Nxe6 fxe6 19. Bg3 Nd5 20. Nxd5 cxd5 21. a3 Ba5 22. b4 Bb6 23. Rhe1 Kf7 24. f3 Rac8+ 25. Kb1 Rc4 26. Rc1 Rhc8 27. Rxc4 Rxc4 28. Rc1 Rxc1+ 29. Kxc1 Kf6 30. Kc2 e5 31. a4 Kf5 32. Kd3 h5 33. a5 Bg1 34. h3 g4 35. hxg4+ hxg4 36. fxg4+ Ke6 37. b5 e4+ 38. Ke2 Bc5 39. Bf2 d4 40. g5 Kf5 41. Be1 Kxg5 42. Bd2+ Kf5 43. Bc1 Ke5 44. Bh6 Kd5 45. g4 Kc4 46. b6 axb6 47. axb6 Bxb6 48. g5 d3+ 49. Kd1 e3 50. g6 e2+ 51. Ke1 Bd8 52. Be3 Bh4+ 53. Bf2 Bf6 54. Be3 Kc3 55. Bd2+ Kc2 0-1


[Site "https://www.chess.com"]

[Event "Titled Tuesday Blitz December 13 Late 2022"]
[White "Dzierzak, Radoslaw"]
[Black "Kazakouski, Valery"]
[WhiteFideId "1161407"]
[BlackFideId "13507443"]
[WhiteElo "2430"]
[BlackElo "2785"]
[Result "0-1"]
[Round "01"]
[TimeControl "180+1"]
[Date "2022.12.14"]
[WhiteClock "0:00:17"]
[BlackClock "0:00:44"]

1. e4 e5 2. Nf3 Nc6 3. Bc4 Nf6 4. d3 Be7 5. O-O d6 6. a4 O-O 7. c3 Na5 8. Ba2 c5 9. Re1 h6 10. Nbd2 Re8 11. Nf1 Bf8 12. Ng3 Nc6 13. h3 Be6 14. Bxe6 Rxe6 15. d4 d5 16. dxe5 Nxe4 17. Bf4 Nxg3 18. Bxg3 d4 19. Qb3 Na5 20. Qa2 d3 21. c4 Qb6 22. Rad1 Rd8 23. Re3 Qb4 24. Rexd3 Rxd3 25. Rxd3 Nxc4 26. Rb3 Qa5 27. Rxb7 Nb6 28. b3 Qa6 29. Rb8 Qd3 30. Qd2 Qxd2 31. Nxd2 Nd7 32. Ra8 Nxe5 33. Bxe5 Rxe5 34. Rxa7 Re1+ 35. Kh2 Bd6+ 36. g3 Re2 37. Nc4 Rxf2+ 38. Kg1 Bxg3 39. a5 Ra2 40. Ra8+ Kh7 41. Rc8 f5 42. Rc6 f4 43. Kf1 f3 0-1


[Site "https://www.chess.com"]

[Event "Titled Tuesday Blitz December 13 Late 2022"]
[White "Erdogdu, Mert"]
[Black "Barbot, Pierre"]
[WhiteFideId "6301495"]
[BlackFideId "663727"]
[WhiteElo "2750"]
[BlackElo "2407"]
[Result "1-0"]
[Round "01"]
[TimeControl "180+1"]
[Date "2022.12.14"]
[WhiteClock "0:00:40"]
[BlackClock "0:00:23"]

1. e4 c5 2. Nf3 Nc6 3. d4 cxd4 4. Nxd4 Nf6 5. Nc3 e5 6. Ndb5 d6 7. Bg5 a6 8. Na3 b5 9. Nd5 Be7 10. Bxf6 Bxf6 11. c4 b4 12. Nc2 Bg5 13. g3 O-O 14. h4 Bh6 15. Bh3 Be6 16. Kf1 a5 17. b3 Kh8 18. Kg2 f5 19. exf5 Bxf5 20. Bxf5 Rxf5 21. Qe2 Qf8 22. Rad1 Rf7 23. Rhf1 Re8 24. Qe4 Nd8 25. Rd3 Ne6 26. Rf3 Nc5 27. Rxf7 Qxf7 28. Qf3 Rf8 29. Qxf7 Rxf7 30. f3 g6 31. Rd1 Bf8 32. Nce3 Kg7 33. Ng4 Ne6 34. Nf2 Nd4 35. Rd3 Rb7 36. Ne4 h6 37. f4 Kf7 38. fxe5 dxe5 39. Rd2 Ke6 40. Rf2 Bg7 41. Nc5+ 1-0


[Site "https://www.chess.com"]

[Event "Titled Tuesday Blitz December 13 Late 2022"]
[White "Fernandez De La Vara, Arnaldo"]
[Black "Liu, Kelsey"]
[WhiteFideId "3518388"]
[BlackFideId "30944481"]
[WhiteElo "2387"]
[BlackElo "2263"]
[Result "1-0"]
[Round "01"]
[TimeControl "180+1"]
[Date "2022.12.14"]
[WhiteClock "0:00:50"]
[BlackClock "0:00:28"]

1. Nf3 d5 2. g3 Nf6 3. Bg2 e6 4. O-O Be7 5. b3 O-O 6. c4 c5 7. cxd5 exd5 8. d4 Ne4 9. Bb2 Bf6 10. Qc1 Na6 11. dxc5 Bxb2 12. Qxb2 Naxc5 13. Nc3 Be6 14. Rfd1 Qf6 15. Rac1 Rac8 16. Rd4 Bg4 17. Nxd5 Qa6 18. Ne7+ Kh8 19. Nxc8 Rxc8 20. Ne5 1-0


[Site "https://www.chess.com"]

[Event "Titled Tuesday Blitz December 13 Late 2022"]
[White "Firouzja, Alireza"]
[Black "Khandelwal, Ankush"]
[WhiteFideId "12573981"]
[BlackFideId "413470"]
[WhiteElo "2904"]
[BlackElo "2271"]
[Result "1-0"]
[Round "01"]
[TimeControl "180+1"]
[Date "2022.12.13"]
[WhiteClock "0:00:43"]
[BlackClock "0:00:12"]

1. d4 Nf6 2. c4 g6 3. Nc3 Bg7 4. e4 d6 5. Nf3 O-O 6. Be2 Na6 7. Be3 e5 8. d5 Nh5 9. g3 f5 10. exf5 gxf5 11. Nxe5 f4 12. gxf4 dxe5 13. Bxh5 exf4 14. Bd4 Qe7+ 15. Qe2 Qxe2+ 16. Nxe2 Bxd4 17. Nxd4 Bd7 18. Rg1+ Kh8 19. Kd2 c6 20. Rae1 Be8 21. Bxe8 Raxe8 22. Ne6 Rf6 23. Re5 cxd5 24. cxd5 Nb4 25. Rh5 Nxd5 26. Rg7 Rfxe6 27. Rhxh7# 1-0


[Site "https://www.chess.com"]

[Event "Titled Tuesday Blitz December 13 Late 2022"]
[White "Forgacs, Attila Jr."]
[Black "Harshavardhan G B"]
[WhiteFideId "773654"]
[BlackFideId "25059009"]
[WhiteElo "2409"]
[BlackElo "2753"]
[Result "0-1"]
[Round "01"]
[TimeControl "180+1"]
[Date "2022.12.14"]
[WhiteClock "0:00:05"]
[BlackClock "0:00:28"]

1. e4 e5 2. Nf3 Nc6 3. Bb5 a6 4. Ba4 d6 5. O-O Bg4 6. h3 h5 7. d4 b5 8. Bb3 Nxd4 9. hxg4 Nxb3 10. axb3 hxg4 11. Ng5 Qd7 12. c4 b4 13. c5 c6 14. Nd2 d5 15. Nc4 dxc4 16. Qxd7+ Kxd7 17. Nxf7 Rh5 18. Rd1+ Kc7 19. bxc4 Bxc5 20. Be3 Bxe3 21. fxe3 Nf6 22. Nd6 c5 23. Nf5 Rah8 24. Nxg7 Rh1+ 25. Kf2 Nxe4+ 26. Ke2 Rxd1 27. Rxd1 Rh2 28. Ne6+ Kc6 29. Nd8+ Kb6 30. Rg1 Nd6 31. b3 Rh8 32. Ne6 Ne4 33. Ra1 a5 34. Rg1 Re8 35. Ng7 Rf8 36. Ne6 Rf2+ 37. Ke1 Rb2 38. Rf1 Rb1+ 39. Ke2 Ng3+ 40. Kf2 Nxf1 41. Nd8 Nd2 42. Nf7 Ne4+ 43. Ke2 Rb2+ 44. Ke1 Rxb3 45. Nxe5 Rxe3+ 46. Kd1 Nc3+ 47. Kc2 Rxe5 0-1


[Site "https://www.chess.com"]

[Event "Titled Tuesday Blitz December 13 Late 2022"]
[White "Freile Martin, Javier"]
[Black "Bernabeu Lopez, Carlos Javier"]
[WhiteFideId "3600165"]
[BlackFideId "2235366"]
[WhiteElo "2355"]
[BlackElo "2324"]
[Result "0-1"]
[Round "01"]
[TimeControl "180+1"]
[Date "2022.12.14"]
[WhiteClock "0:01:01"]
[BlackClock "0:01:38"]

1. d4 Nf6 2. c4 g6 3. Nc3 Bg7 4. e4 d6 5. Nf3 O-O 6. Be2 Bg4 7. Be3 Nfd7 8. Nd2 Bxe2 9. Qxe2 Nc6 10. Nb3 e5 11. d5 Nd4 12. Qd1 Nxb3 13. axb3 a5 14. O-O f5 15. f3 b6 16. Qd2 f4 17. Bf2 h5 18. Nb5 g5 19. b4 a4 20. b3 a3 21. Rxa3 Rxa3 22. Nxa3 g4 23. c5 Rf7 24. c6 Nf8 25. Qe1 Bf6 26. Nb5 Rg7 27. Kh1 Qc8 28. Bh4 Bxh4 29. Qxh4 Qa6 30. Qxh5 Qxb5 31. Ra1 Qxb4 32. fxg4 Qxe4 33. h3 f3 34. gxf3 Qxf3+ 35. Kh2 Qf4+ 36. Kh1 Rh7 37. Qe8 Rxh3+ 38. Kg2 Qf3+ 0-1


[Site "https://www.chess.com"]

[Event "Titled Tuesday Blitz December 13 Late 2022"]
[White "Garcia, Gabriel Gonzaga"]
[Black "Floresvillar Gonzalez, Luis Migu"]
[WhiteFideId "2138956"]
[BlackFideId "5100542"]
[WhiteElo "2240"]
[BlackElo "2040"]
[Result "0-1"]
[Round "01"]
[TimeControl "180+1"]
[Date "2022.12.14"]
[WhiteClock "0:00:10"]
[BlackClock "0:00:13"]

1. e4 c6 2. Nf3 d5 3. Nc3 Bg4 4. Be2 e6 5. O-O Nf6 6. d3 Nbd7 7. Bf4 Be7 8. Ne5 Nxe5 9. Bxe5 Bxe2 10. Qxe2 O-O 11. a3 dxe4 12. Nxe4 Nxe4 13. Qxe4 Bf6 14. f4 Qd5 15. Bxf6 Qxe4 16. dxe4 gxf6 17. Rfd1 Rfd8 18. Kf2 Kf8 19. Ke3 Ke7 20. g3 h5 21. Kf3 a5 22. Kg2 Rg8 23. Kh3 h4 24. gxh4 Rh8 25. Rd3 Rh5 26. Rg1 Rah8 27. Rg4 f5 28. exf5 exf5 29. Rg2 Rxh4+ 30. Kg3 Rg4+ 31. Kf2 Rxf4+ 32. Rf3 Rc4 33. Ke1 f4 34. Rgf2 b5 35. Kd2 a4 36. b3 axb3 37. cxb3 Rd4+ 38. Kc3 c5 39. b4 Rc4+ 40. Kb3 cxb4 41. axb4 Rh4 42. Rd3 Ke6 43. Re2+ Kf6 44. Rf2 Ke6 45. Re2+ Kf6 46. Rf2 Ke5 47. Re2+ Re4 48. Red2 Re3 49. Kc3 Ke4 50. Kc2 Rxd3 51. Rxd3 Rxh2+ 52. Kc3 Re2 53. Rd4+ Ke5 54. Rd8 f3 55. Kd3 Kf4 56. Rd4+ Kg3 57. Rd5 f6 58. Rxb5 Re5 59. Rb8 f2 60. Rg8+ Kf3 0-1


[Site "https://www.chess.com"]

[Event "Titled Tuesday Blitz December 13 Late 2022"]
[White "Gardezi, Arsal"]
[Black "Gritsenko, Nikolai"]
[WhiteFideId "30949521"]
[BlackFideId "14112493"]
[WhiteElo "1906"]
[BlackElo "2389"]
[Result "0-1"]
[Round "01"]
[TimeControl "180+1"]
[Date "2022.12.14"]
[WhiteClock "0:00:15"]
[BlackClock "0:00:10"]

1. d4 d5 2. c4 Nc6 3. cxd5 Qxd5 4. Nf3 e5 5. Nc3 Bb4 6. a3 Bxc3+ 7. bxc3 Bg4 8. h3 Bh5 9. Nxe5 Nxe5 10. dxe5 Qxe5 11. Qb3 O-O-O 12. Be3 Ne7 13. g4 Bg6 14. Bg2 Be4 15. Bxe4 Qxe4 16. O-O h5 17. g5 Nd5 18. c4 Nxe3 19. Qxe3 Qxe3 20. fxe3 Rd7 21. Rf2 Re8 22. Raf1 Ree7 23. Rf3 g6 24. Kg2 Kd8 25. Rf4 Ke8 26. R1f3 Re5 27. Kf2 Rde7 28. Rd4 Rxg5 29. Rd3 Rge5 30. Rb3 b6 31. Rc3 Rd7 32. Rd3 Rxd3 33. exd3 Ra5 34. Ke2 Rxa3 35. Rf6 a5 36. Rc6 Kd7 37. Rf6 Ke7 38. Rc6 Kd8 39. Rf6 Ra2+ 40. Kf3 Rh2 41. Kg3 Rd2 42. d4 Rc2 43. Rc6 a4 44. c5 a3 45. Rf6 a2 46. Rf1 b5 47. Kf4 b4 48. Ke4 b3 49. Kd3 Rc1 50. Rxc1 b2 51. Rc2 b1=Q 52. Kc3 a1=Q+ 53. Rb2 Qaxb2+ 0-1


[Site "https://www.chess.com"]

[Event "Titled Tuesday Blitz December 13 Late 2022"]
[White "Gasparyan, David"]
[Black "Maksimovic, Bojan"]
[WhiteFideId "13311980"]
[BlackFideId "14408120"]
[WhiteElo "2405"]
[BlackElo "2462"]
[Result "0-1"]
[Round "01"]
[TimeControl "180+1"]
[Date "2022.12.14"]
[WhiteClock "0:00:12"]
[BlackClock "0:00:18"]

1. d4 g6 2. Nf3 Bg7 3. Bf4 d6 4. e3 Nf6 5. h4 h6 6. Be2 Nbd7 7. c4 b6 8. Nc3 Bb7 9. Qc2 c5 10. dxc5 Nxc5 11. O-O-O Rc8 12. Nb5 O-O 13. Nd2 a6 14. Nc3 b5 15. Kb1 b4 16. Na4 Bxg2 17. Rhg1 Bh3 18. Nxc5 Rxc5 19. Nb3 Bf5 20. Bd3 Bxd3 21. Rxd3 Rh5 22. c5 d5 23. c6 e5 24. Bg3 Qb6 25. Rc1 Rc8 26. Qc5 Qxc5 27. Rxc5 Bf8 28. Rc2 Rf5 29. Na5 d4 30. exd4 e4 31. Re3 Rxa5 32. Be5 Nd5 33. Rxe4 b3 34. axb3 Nb4 35. Rce2 Rxc6 36. Bf4 g5 37. hxg5 hxg5 38. Bd2 Rf5 39. Re5 Rxe5 40. Rxe5 f6 41. Re8 Nd3 42. Rd8 Kf7 43. d5 Rd6 44. Ra8 Rxd5 45. Rxa6 Nxf2 46. Bc3 Ne4 47. Kc2 Nxc3 48. bxc3 g4 49. c4 Rg5 50. Kd3 g3 51. Ra1 g2 52. b4 g1=Q 53. Rxg1 Rxg1 54. c5 Rc1 55. Kd4 Ke6 56. Kd3 Bxc5 0-1


[Site "https://www.chess.com"]

[Event "Titled Tuesday Blitz December 13 Late 2022"]
[White "Gerbelli Neto, Eduardo"]
[Black "Melikyan, Gnel"]
[WhiteFideId "2103281"]
[BlackFideId "54109990"]
[WhiteElo "2178"]
[BlackElo "2138"]
[Result "0-1"]
[Round "01"]
[TimeControl "180+1"]
[Date "2022.12.14"]
[WhiteClock "0:00:54"]
[BlackClock "0:00:46"]

1. e4 c6 2. d4 d5 3. exd5 cxd5 4. c4 Nf6 5. Nc3 e6 6. Nf3 Nc6 7. cxd5 Nxd5 8. Bd3 Be7 9. O-O h6 10. Re1 b6 11. Nxd5 exd5 12. Bb5 Bd7 13. Qa4 Rc8 14. Ne5 Nxe5 15. Rxe5 Bxb5 16. Qxb5+ Qd7 17. Qxd7+ Kxd7 18. Rxd5+ Kc6 19. Re5 Bf6 20. Re4 Kd5 21. Rf4 Rc2 22. Rb1 Bxd4 23. Rxf7 Rhc8 24. Be3 Rxb2 25. Rd1 Ke6 26. Bxd4 Rd2 27. Re1+ Kxf7 0-1


[Site "https://www.chess.com"]

[Event "Titled Tuesday Blitz December 13 Late 2022"]
[White "Goroshkov, Maksym"]
[Black "Rian, Kapriaga"]
[WhiteFideId "14142716"]
[BlackFideId "7103263"]
[WhiteElo "2258"]
[BlackElo "2286"]
[Result "1-0"]
[Round "01"]
[TimeControl "180+1"]
[Date "2022.12.14"]
[WhiteClock "0:01:08"]
[BlackClock "0:00:04"]

1. e4 c6 2. d4 d5 3. exd5 cxd5 4. c4 Nf6 5. Nc3 Nc6 6. Nf3 Bd7 7. cxd5 Nb8 8. Bg5 Qb6 9. Qb3 Qxb3 10. axb3 g6 11. d6 Bg7 12. dxe7 Nc6 13. Bxf6 Bxf6 14. Nd5 Bxd4 15. Nc7+ Kxe7 16. Nxa8 Rxa8 17. O-O-O Bf6 18. Bc4 Bf5 19. h3 h5 20. Rhg1 g5 21. g4 hxg4 22. hxg4 Bg6 23. Rge1+ Kf8 24. Rd7 Rb8 25. Nd2 b5 26. Bd5 Nb4 27. Be4 Rc8+ 28. Kb1 Re8 29. f3 a5 30. Rc1 Nd3 31. Rxd3 Bxe4 32. Nxe4 Be7 33. Rd7 Ra8 34. Rcc7 1-0


[Site "https://www.chess.com"]

[Event "Titled Tuesday Blitz December 13 Late 2022"]
[White "Goryachkina, Aleksandra"]
[Black "Pasti, Aron"]
[WhiteFideId "4147103"]
[BlackFideId "785857"]
[WhiteElo "2484"]
[BlackElo "2250"]
[Result "1-0"]
[Round "01"]
[TimeControl "180+1"]
[Date "2022.12.14"]
[WhiteClock "0:00:39"]
[BlackClock "0:00:02"]

1. e4 c5 2. Nf3 e6 3. g3 Nc6 4. Bg2 d6 5. O-O Nf6 6. Re1 Be7 7. c3 O-O 8. d4 e5 9. Nbd2 cxd4 10. cxd4 exd4 11. Nb3 d5 12. exd5 Nxd5 13. Nfxd4 Nxd4 14. Nxd4 Bf6 15. a3 a6 16. Qf3 Nb4 17. axb4 Qxd4 18. b5 Qb4 19. Qe2 Bg4 20. Bd2 Qxb2 21. Qxg4 Qxd2 22. Rad1 Qb2 23. Bxb7 Qxb5 24. Bxa8 Rxa8 25. Qe4 Rf8 26. Rb1 Qc5 27. Rec1 Qd6 28. Rc6 Qa3 29. Qc4 a5 30. Rc8 g6 31. Rb7 Qa1+ 32. Kg2 1-0


[Site "https://www.chess.com"]

[Event "Titled Tuesday Blitz December 13 Late 2022"]
[White "Grigoriants, Sergey"]
[Black "Mikhalsky, Vladimir"]
[WhiteFideId "4130804"]
[BlackFideId "14144352"]
[WhiteElo "2502"]
[BlackElo "2272"]
[Result "1-0"]
[Round "01"]
[TimeControl "180+1"]
[Date "2022.12.13"]
[WhiteClock "0:00:39"]
[BlackClock "0:00:01"]

1. d4 Nf6 2. c4 g6 3. f3 Bg7 4. e4 O-O 5. Nc3 d6 6. Nge2 a6 7. Be3 Nc6 8. Rc1 Re8 9. Qd2 Bd7 10. d5 Ne5 11. Nd4 c5 12. dxc6 bxc6 13. Be2 c5 14. Nc2 Rb8 15. b3 h5 16. O-O Nc6 17. Rcd1 Qc8 18. Bh6 Bh8 19. Bg5 Nh7 20. Be3 h4 21. f4 h3 22. g3 Nf6 23. Nd5 Ng4 24. Bxg4 Bxg4 25. Rde1 e6 26. Nc3 Qd7 27. Nd1 Rbd8 28. Nf2 Bf3 29. Nxh3 Bxe4 30. Nf2 Bf5 31. g4 Bxc2 32. Qxc2 Nd4 33. Bxd4 Bxd4 34. Kg2 d5 35. g5 e5 36. cxd5 Qxd5+ 37. Qe4 Qxe4+ 38. Nxe4 exf4 39. Rxf4 Rd5 40. h4 Kg7 41. Ref1 Rf5 42. Rxf5 gxf5 43. Ng3 f4 44. Rxf4 Re1 45. Nf5+ Kg6 46. Nxd4 cxd4 47. Rf6+ Kh5 48. Rxa6 Kxh4 49. g6 fxg6 50. Rxg6 Re2+ 51. Kf3 Rxa2 52. Rg4+ Kh5 53. Rxd4 Rb2 54. b4 Kg5 55. Ke4 Kf6 56. Kd5 Rc2 57. Kd6 Kf7 58. Kd7 Kf6 59. Rd5 Rb2 60. b5 Kf7 61. Rf5+ Kg6 62. Rc5 Kf6 63. Kc7 Ke6 64. b6 Rh2 65. b7 Rh7+ 66. Kb6 Rh8 67. Rc8 Rh1 68. b8=Q Rb1+ 69. Kc5 1-0


[Site "https://www.chess.com"]

[Event "Titled Tuesday Blitz December 13 Late 2022"]
[White "Gutkin, Ilya"]
[Black "Abdrlauf, Elham"]
[WhiteFideId "16203470"]
[BlackFideId "1533533"]
[WhiteElo "2431"]
[BlackElo "2803"]
[Result "0-1"]
[Round "01"]
[TimeControl "180+1"]
[Date "2022.12.14"]
[WhiteClock "0:00:01"]
[BlackClock "0:00:22"]

1. Nf3 d5 2. g3 g6 3. c4 d4 4. Bg2 Bg7 5. d3 e5 6. b4 Ne7 7. Bb2 O-O 8. O-O a5 9. b5 Nd7 10. e3 Nc5 11. exd4 exd4 12. Ba3 b6 13. Ng5 Bb7 14. Bxc5 Bxg2 15. Kxg2 bxc5 16. Ne4 c6 17. bxc6 Qb6 18. Nbd2 Nxc6 19. Rb1 Qc7 20. Rb5 f5 21. Nxc5 Na7 22. Qf3 Nxb5 23. Ne6 Qf7 24. Nxf8 Nc7 25. Rb1 Qxf8 26. Rb7 Ne6 27. Qd5 Re8 28. Nf3 Kh8 29. h4 Bf6 30. Qxa5 Nc5 31. Rc7 Nxd3 32. Qa7 Re7 33. Rxe7 Qxe7 34. Qxe7 Bxe7 35. Nxd4 Ne5 36. c5 Bxc5 37. Ne6 Ba3 38. Nd4 Nc4 0-1


[Site "https://www.chess.com"]

[Event "Titled Tuesday Blitz December 13 Late 2022"]
[White "Hajiyev, Kanan"]
[Black "Svane, Rasmus"]
[WhiteFideId "13404148"]
[BlackFideId "4657101"]
[WhiteElo "2118"]
[BlackElo "2674"]
[Result "0-1"]
[Round "01"]
[TimeControl "180+1"]
[Date "2022.12.13"]
[WhiteClock "0:00:10"]
[BlackClock "0:00:19"]

1. d4 d5 2. c4 e6 3. cxd5 exd5 4. Nc3 c6 5. Nf3 Nf6 6. Bg5 Be7 7. e3 Bf5 8. Bd3 Bxd3 9. Qxd3 Nbd7 10. O-O O-O 11. Rab1 a5 12. Qc2 Re8 13. Bf4 Nh5 14. Bg3 Nxg3 15. hxg3 Bd6 16. Ne2 Nf6 17. Nf4 g6 18. a3 Qe7 19. Nd3 a4 20. Rfc1 Ne4 21. Nc5 Bxc5 22. dxc5 Ra5 23. Nd4 Nxc5 24. b4 axb3 25. Nxb3 Nxb3 26. Qxb3 Rb5 27. Qd3 Rxb1 28. Rxb1 Ra8 29. Qb3 Ra7 30. a4 Qe4 31. a5 Qe8 32. Qb6 Qa8 33. g4 Rxa5 34. Qxb7 Qxb7 35. Rxb7 Ra4 36. Rc7 Rc4 37. g5 c5 38. Kf1 Rc1+ 39. Ke2 Rc2+ 40. Ke1 Rc4 41. Kd2 d4 42. exd4 Rxd4+ 43. Ke3 Rg4 44. Rxc5 Rxg2 45. f4 Kg7 46. Rc7 Ra2 47. Ke4 Ra4+ 48. Ke5 Ra1 49. Rb7 Re1+ 50. Kd4 Kf8 51. Kd5 Re7 52. Rb8+ Kg7 53. Kd4 h6 54. gxh6+ Kxh6 55. Rh8+ Kg7 56. Rh2 Kf6 57. Rh4 Kf5 58. Kd5 f6 59. Rh6 Re1 60. Rh4 Rd1+ 61. Kc4 Rf1 0-1


[Site "https://www.chess.com"]

[Event "Titled Tuesday Blitz December 13 Late 2022"]
[White "Hamley, Ryan"]
[Black "Sariego Figueredo, Wilfredo"]
[WhiteFideId "30959497"]
[BlackFideId "3500080"]
[WhiteElo "2604"]
[BlackElo "2309"]
[Result "1-0"]
[Round "01"]
[TimeControl "180+1"]
[Date "2022.12.14"]
[WhiteClock "0:00:42"]
[BlackClock "0:01:06"]

1. Nf3 c5 2. e4 a6 3. c3 d5 4. exd5 Qxd5 5. d4 cxd4 6. cxd4 Nf6 7. Nc3 Qd8 8. Ne5 e6 9. Bd3 Be7 10. O-O O-O 11. Re1 Bd7 12. Bg5 Bc6 13. Rc1 h6 14. Bh4 Nd5 15. Bxe7 Qxe7 16. Nxc6 Nxc6 17. Nxd5 Qd6 18. Ne3 Nxd4 19. Be4 Qb6 20. Nc4 Qa7 21. Qd2 Rad8 22. Qe3 b5 23. Ne5 Qb8 24. Nc6 Nxc6 25. Rxc6 Rd7 26. h3 a5 27. Ra6 a4 28. Ra8 Qd6 29. Rxf8+ Kxf8 30. Rc1 Qb8 31. Qc5+ Kg8 32. Qc8+ Rd8 33. Qxb8 Rxb8 34. Rc7 b4 35. Rb7 Rxb7 36. Bxb7 a3 37. bxa3 bxa3 38. Kf1 Kf8 39. Ke2 Ke7 40. Kd3 Kd6 41. Kc4 Ke5 42. Kb4 Kd4 43. Kxa3 Kc3 44. Ka4 Kc4 45. Ka5 Kc5 46. a4 f6 47. Ka6 e5 48. Ka7 Kb4 49. Bc6 Ka5 50. Bb5 f5 51. Kb7 f4 52. Kc6 e4 53. Kd5 e3 54. fxe3 fxe3 55. Ke4 e2 56. Bxe2 Kxa4 57. Kf5 Kb4 58. Kg6 Kc5 59. Kxg7 Kd6 60. Kxh6 Ke7 61. Kg7 Ke6 62. h4 Kf5 63. h5 Kg5 64. h6 Kf4 65. h7 Kg3 66. h8=Q Kf2 67. Qh4+ Kg1 68. Qe1+ Kh2 69. g4 Kg2 70. g5 Kh2 71. Kf6 Kh3 72. g6 Kg2 73. g7 Kh2 74. g8=Q Kh3 75. Qgg3# 1-0


[Site "https://www.chess.com"]

[Event "Titled Tuesday Blitz December 13 Late 2022"]
[White "Hoffmann, Asa"]
[Black "Itgelt, Khuyagtsogt"]
[WhiteFideId "2001470"]
[BlackFideId "4902912"]
[WhiteElo "2117"]
[BlackElo "2227"]
[Result "1-0"]
[Round "01"]
[TimeControl "180+1"]
[Date "2022.12.14"]
[WhiteClock "0:00:37"]
[BlackClock "0:00:01"]

1. d4 Nf6 2. Bg5 Ne4 3. Bf4 d5 4. f3 Nf6 5. e4 dxe4 6. Nc3 e3 7. Bc4 e6 8. Bxe3 Be7 9. Nge2 O-O 10. Qd2 a6 11. O-O-O b5 12. Bb3 Bb7 13. d5 b4 14. dxe6 Qxd2+ 15. Bxd2 bxc3 16. exf7+ Kh8 17. Bxc3 Nbd7 18. Nf4 Nc5 19. Bc4 Bd6 20. Ne6 Nxe6 21. Bxe6 Rad8 22. Kb1 Nh5 23. Bb3 Nf4 24. Rd2 Rd7 25. Re1 Bc6 26. g3 Ng6 27. f4 Ne7 28. h4 h5 29. a3 Rdd8 30. Rxd6 Rxd6 31. Rxe7 Kh7 32. Rxc7 Rd1+ 33. Ka2 Bd5 34. Be5 Bxb3+ 35. Kxb3 Kg6 36. c4 Rxf7 37. Rc6+ Kf5 38. Rxa6 Rd3+ 39. Ka2 Rxg3 40. c5 Rg2 41. c6 Rc2 42. Kb3 Rc1 43. Ka4 g6 44. b4 Re7 45. b5 Rc4+ 46. Ka5 Rc1 47. a4 Re8 48. c7 Kg4 49. b6 Rc8 50. b7 1-0


[Site "https://www.chess.com"]

[Event "Titled Tuesday Blitz December 13 Late 2022"]
[White "Horcajuelo Rocamora, Martin"]
[Black "Kanakaris, Georgios"]
[WhiteFideId "24573027"]
[BlackFideId "4209460"]
[WhiteElo "2094"]
[BlackElo "2291"]
[Result "1-0"]
[Round "01"]
[TimeControl "180+1"]
[Date "2022.12.14"]
[WhiteClock "0:00:26"]
[BlackClock "0:01:47"]

1. e4 e6 2. d4 d5 3. exd5 exd5 4. Bd3 Bd6 5. Nf3 Ne7 6. O-O Nbc6 7. h3 h6 8. a3 Be6 9. b3 Qd7 10. Bb2 Ng6 11. c4 Nf4 12. c5 Bxh3 13. g3 Bxf1 14. Bxf1 Ne6 15. cxd6 Qxd6 16. Nc3 a6 17. Bg2 O-O 18. Ne5 Nxe5 19. dxe5 Qxe5 20. Qxd5 Qxd5 21. Nxd5 Rfd8 22. Rc1 c6 23. Nb6 Rab8 24. Be5 Kf8 25. Bxb8 Rxb8 26. Nd7+ Ke7 27. Nxb8 Kd6 28. Nxc6 bxc6 29. Rxc6+ Ke5 30. Rxa6 Kd4 31. Ra7 1-0


[Site "https://www.chess.com"]

[Event "Titled Tuesday Blitz December 13 Late 2022"]
[White "Ibarra Jerez, Jose Carlos"]
[Black "Sztokbant, Bernardo Vainzoff"]
[WhiteFideId "2226332"]
[BlackFideId "2115956"]
[WhiteElo "2878"]
[BlackElo "2456"]
[Result "1-0"]
[Round "01"]
[TimeControl "180+1"]
[Date "2022.12.14"]
[WhiteClock "0:00:46"]
[BlackClock "0:00:23"]

1. e4 c5 2. Nc3 Nc6 3. Nf3 d6 4. d4 cxd4 5. Nxd4 Nf6 6. Nd5 e6 7. Nxf6+ Qxf6 8. Nb5 Qd8 9. c4 a6 10. Nc3 Be7 11. Be3 O-O 12. Be2 Qa5 13. O-O Rd8 14. a3 Qc7 15. Rc1 Bd7 16. Na4 Re8 17. Nb6 Rad8 18. b4 Ne5 19. f4 Ng6 20. Qb3 Bc6 21. Nd5 exd5 22. cxd5 Bxd5 23. Qxd5 Qd7 24. Bc4 Bf6 25. Rcd1 Qe7 26. Bb6 Qxe4 27. Qxf7+ Kh8 28. Bxd8 Bxd8 29. Kh1 Rf8 30. Qd5 Qe3 31. Rd3 Qb6 32. Rh3 Qc6 33. Rxh7+ Kxh7 34. Qh5# 1-0


[Site "https://www.chess.com"]